[Event "fics rated crazyhouse match"]
[Site "fics, Oklahoma City, OK USA"]
[Date "2000.02.24"]
[White "RubberDuck"]
[WhiteElo "2199"]
[Black "Tecumseh"]
[BlackElo "2265"]
[TimeControl "60+0"]
[Result "0-1"]

1. e4 Nc6 2. Nf3 Nf6 3. Nc3 d5 4. exd5 Nxd5 5. d4 e6 6. Nxd5 
exd5 7. P@e5 P@e4 8. Ng5 Be7 9. Nxf7 Kxf7 10. Bb5 Rf8 11. Bxc6 bxc6 
12. Qh5+ B@g6 13. N@g5+ Bxg5 14. Bxg5 Bxh5 15. e6+ Bxe6 16. N@e5+ Kg8 17. P@f3 
exf3 18. gxf3 Qxg5 19. B@e3 N@g2+ 20. Kd1 Nxe3+ 21. fxe3 P@e2+ 22. Kxe2 Rxf3 
23. P@f7+ Rxf7+ 24. Kd2 Q@e2+ 25. Kc3 Qgxe3+ 26. N@d3 N@b5+ 27. Kb3 P@c4+ 28. Ka4 
cxd3 29. Nxf7 Qxc2+ 30. b3 Qxd4+ 31. P@b4 Bhxf7 
{RubberDuck forfeits on time} 0-1

[Event "fics rated crazyhouse match"]
[Site "fics, Oklahoma City, OK USA"]
[Date "2000.02.24"]
[White "Tecumseh"]
[WhiteElo "2272"]
[Black "spurs"]
[BlackElo "2298"]
[TimeControl "60+0"]
[Result "1-0"]

1. e4 e6 2. d4 d5 3. exd5 exd5 4. Nf3 Bg4 5. Be2 Nf6 6. Ne5 
Bxe2 7. Qxe2 Qe7 8. Nxf7 Qxe2+ 9. Kxe2 Kxf7 10. P@e6+ Kxe6 11. P@f5+ Ke7 
12. Q@e6+ Kd8 13. B@h4 B@a6+ 14. Ke1 Q@e4+ 15. Qxe4 dxe4 16. Bxf6+ gxf6 17. Q@d5+ 
N@d6 18. N@f7+ Kd7 19. Qe6+ Kc6 20. d5+ Kb6 21. Nc3 B@b4 22. Be3+ P@c5 
23. Kd2 Bxc3+ 24. bxc3 N@c4+ 25. Kd1 Nxe3+ 26. fxe3 P@e2+ 27. Kc1 B@a3+ 28. Kd2 
e1=N 29. N@d7+ Ka5 30. Qxd6 Ka4 31. B@b3+ Ka5 32. N@c6+ Kb5 33. Qxc5# 
{spurs forfeits on time} 1-0

[Event "fics rated crazyhouse match"]
[Site "fics, Oklahoma City, OK USA"]
[Date "2000.02.24"]
[White "spurs"]
[WhiteElo "2289"]
[Black "Tecumseh"]
[BlackElo "2281"]
[TimeControl "60+0"]
[Result "1-0"]

1. d4 e6 2. Nf3 Nc6 3. Bg5 d5 4. Bxd8 Nxd8 5. Nc3 Nf6 6. e3 
B@b4 7. Bb5+ Bd7 8. Bxd7+ Nxd7 9. O-O Bxc3 10. bxc3 B@g4 11. B@a4 N@h4 
12. Bxd7+ Kxd7 13. N@e5+ Ke7 14. Q@d7+ Kf6 15. B@g5+ Kf5 16. Nxh4+ Kxg5 17. Qxg4+ 
Kh6 18. B@g5# 
{Tecumseh checkmated} 1-0

[Event "fics rated crazyhouse match"]
[Site "fics, Oklahoma City, OK USA"]
[Date "2000.02.24"]
[White "Tecumseh"]
[WhiteElo "2273"]
[Black "spurs"]
[BlackElo "2297"]
[TimeControl "60+0"]
[Result "0-1"]

1. e4 e6 2. d4 d5 3. exd5 exd5 4. P@f3 Bb4+ 5. c3 Qe7+ 6. Be2 
Ba5 7. Bf4 Bf5 8. Nd2 P@c2 9. Qc1 Nf6 10. Nb3 Bb6 11. Nc5 Bxc5 
12. Qd2 N@b1 13. Qc1 Bd6 14. Bd2 Nxd2 15. Qxd2 B@h6 16. N@e3 Bxe3 17. fxe3 
N@b1 18. Qc1 Nh5 19. B@f2 Bxh2 20. Rxh2 P@d2+ 21. Qxd2 Nxd2 22. Kxd2 Q@b1 
23. Rxb1 cxb1=Q 24. B@a4+ Nc6 25. Q@d1 R@d3+ 26. Bxd3 Qxd3+ 27. Ke1 Qdxe3+ 28. R@e2 
Qxf2+ 29. Kxf2 B@g3+ 30. Kf1 B@d3 31. Rxh5 Bxe2+ 32. Nxe2 Bd3 33. Re5 Qxe5 
34. P@d7+ Kd8 35. dxe5 R@h1+ 36. B@g1 R@f2+ 37. Ke1 Rxg1+ 38. Kd2 Rxd1+ 39. Bxd1 
P@e3+ 40. Kxe3 B@f4+ 41. Kxd3 Q@d2# 
{Tecumseh checkmated} 0-1

[Event "fics rated crazyhouse match"]
[Site "fics, Oklahoma City, OK USA"]
[Date "2000.02.24"]
[White "spurs"]
[WhiteElo "2304"]
[Black "Tecumseh"]
[BlackElo "2266"]
[TimeControl "60+0"]
[Result "1-0"]

1. d4 e6 2. Nf3 d5 3. Bg5 Nc6 4. Bxd8 Nxd8 5. e3 Nf6 6. Nc3 
Ne4 7. Nxe4 dxe4 8. Ne5 B@a5+ 9. c3 N@d3+ 10. Bxd3 exd3 11. Qxd3 B@g6 
12. Nxg6 hxg6 13. B@a4+ N@c6 14. N@e5 Bd6 15. Nxc6 bxc6 16. e4 Rb8 17. P@e5 
N@f4 18. Qf3 Nxg2+ 19. Qxg2 Rxb2 20. exd6 cxd6 21. d5 P@d2+ 22. Kf1 Bxc3 
23. N@c7+ Ke7 24. B@g5+ P@f6 25. N@e2 d1=Q+ 26. Rxd1 Rxe2 27. Kxe2 N@d4+ 28. Rxd4 
Bxd4 29. Qf3 R@b2+ 30. R@c2 Rxc2+ 31. Bxc2 R@b2 32. N@e1 Rxc2+ 33. Nxc2 B@c4+ 
34. P@d3 Bxd3+ 35. Qxd3 Bxf2 36. Bxf6+ gxf6 37. dxc6 B@g4+ 38. P@f3 Nxc6 39. Qxd6+ 
Kxd6 40. N@c4+ Kxc7 41. P@d6+ Kb7 42. Q@c7+ Ka6 43. R@a5+ Nxa5 44. Qxa5+ Kb7 
45. R@c7+ Kb8 46. Qxa7+ Bxa7 47. N@c6+ Ka8 48. Rxa7# 
{Tecumseh checkmated} 1-0

[Event "fics rated crazyhouse match"]
[Site "fics, Oklahoma City, OK USA"]
[Date "2000.02.24"]
[White "Tecumseh"]
[WhiteElo "2259"]
[Black "spurs"]
[BlackElo "2311"]
[TimeControl "60+0"]
[Result "0-1"]

1. e4 e6 2. e5 d5 3. exd6 cxd6 4. d4 Nf6 5. Nf3 Nc6 6. Nc3 
Be7 7. Bg5 h6 8. P@e5 dxe5 9. Bxf6 Bxf6 10. dxe5 P@d2+ 11. Qxd2 Qxd2+ 
12. Nxd2 Nxe5 13. N@c7+ Ke7 14. P@d6+ Kd8 15. Nxa8 B@a5 16. P@c7+ Kd7 17. Q@a4+ 
Nc6 18. R@c4 Baxc3 19. bxc3 P@e3 20. B@g3 exd2+ 21. Kxd2 N@b6 22. Rxc6 bxc6 
23. Qxc6+ Kxc6 24. N@b8+ Kb7 25. P@a6+ Kxa8 26. P@b7+ Bxb7 27. axb7+ Kxb7 28. B@c6+ 
Kc8 29. Bd3 N@c4+ 30. Bxc4 Nxc4+ 31. Ke2 Q@d2+ 32. Kf1 Q@e2+ 33. Kg1 Nxd6 
34. N@b6+ Kxc7 35. Na6+ Kxc6 36. Nb4+ Kxb6 37. Nd5+ Kc5 38. Ne3 R@e1+ 39. Rxe1 
Qexe1+ 40. R@f1 N@e2# 
{Tecumseh checkmated} 0-1

[Event "fics rated crazyhouse match"]
[Site "fics, Oklahoma City, OK USA"]
[Date "2000.02.24"]
[White "spurs"]
[WhiteElo "2318"]
[Black "Tecumseh"]
[BlackElo "2252"]
[TimeControl "60+0"]
[Result "1-0"]

1. d4 d5 2. Nf3 Nf6 3. Bg5 Ne4 4. Bh4 Nc6 5. e3 Bg4 6. Bb5 
f6 7. Bxc6+ bxc6 8. Nc3 e6 9. Nxe4 dxe4 10. Ne5 Bxd1 11. Rxd1 B@b4+ 
12. Kf1 Q@b5+ 13. B@c4 Qa4 14. Bxe6 Qe7 15. P@f7+ Kd8 16. N@b7# 
{Tecumseh checkmated} 1-0

[Event "fics rated crazyhouse match"]
[Site "fics, Oklahoma City, OK USA"]
[Date "2000.02.24"]
[White "Tecumseh"]
[WhiteElo "2245"]
[Black "spurs"]
[BlackElo "2325"]
[TimeControl "60+0"]
[Result "0-1"]

1. f3 e6 2. c3 d5 3. a3 Nf6 4. h3 Nc6 5. d4 Bc5 6. dxc5 
e5 7. B@f2 e4 8. fxe4 Nxe4 9. Bce3 Qf6 10. P@f3 P@g3 11. fxe4 gxf2+ 
12. Bxf2 dxe4 13. N@d5 B@e7 14. Nxf6+ Bxf6 15. P@b5 Ne5 16. c6 bxc6 17. bxc6 
O-O 18. P@d7 Ba6 19. e3 P@d3 20. Q@g3 N@c2+ 21. Kd2 Nc4+ 22. Kc1 P@b3 
23. Bxd3 exd3 24. Qxd3 N4xa3 25. Rxa3 Bxd3 26. N@h6+ Kh8 27. Nf3 Nxa3 28. P@c2 
Bxc2 29. Nxf7+ Rxf7 30. P@d3 Bxb1 31. P@c2 N@a2+ 32. Kd2 Bxc2 33. Rc1 Nxc1 
34. Ke1 R@d1# 
{Tecumseh checkmated} 0-1

[Event "fics rated crazyhouse match"]
[Site "fics, Oklahoma City, OK USA"]
[Date "2000.02.24"]
[White "spurs"]
[WhiteElo "2331"]
[Black "Tecumseh"]
[BlackElo "2239"]
[TimeControl "60+0"]
[Result "1-0"]

1. d4 d5 2. Nf3 Nf6 3. Bg5 Ne4 4. Bh4 h6 5. e3 g5 6. Bg3 
Bg7 7. Bb5+ Bd7 8. Bxd7+ Nxd7 9. Nbd2 Nxd2 10. Qxd2 N@e4 11. Qe2 g4 
12. Ne5 Nxe5 13. Bxe5 Bxe5 14. dxe5 B@d2+ 15. Kf1 B@f3 16. gxf3 gxf3 17. Qxf3 
N@g5 18. Qf5 Rg8 19. B@h5 Bxe3 20. Bxf7+ Nxf7 21. e6 P@g2+ 22. Ke2 B@g4+ 
23. Qxg4 Rxg4 24. exf7+ Kd7 25. B@f5+ e6 26. B@e8+ Kc8 27. Bxe6+ P@d7 28. B6xd7+ 
Kb8 29. N@a6+ bxa6 30. N@c6+ Kb7 31. Nxd8+ Kb6 32. Q@b7+ Kc5 33. B@b4+ Kd4 
34. P@c3+ Ke5 35. P@d4+ Kf4 36. P@g3+ Kg5 37. N@e6+ Kg6 38. f8=Q+ N@f7 39. Qxf7# 
{Tecumseh checkmated} 1-0

[Event "fics rated crazyhouse match"]
[Site "fics, Oklahoma City, OK USA"]
[Date "2000.02.24"]
[White "Tecumseh"]
[WhiteElo "2233"]
[Black "spurs"]
[BlackElo "2337"]
[TimeControl "60+0"]
[Result "0-1"]

1. e4 e6 2. d4 d5 3. exd5 exd5 4. P@e5 Bb4+ 5. c3 Be7 6. Nf3 
Nh6 7. Bxh6 gxh6 8. N@g7+ Kf8 9. Nh5 Rg8 10. Qd2 B@g5 11. Nxg5 Bxg5 
12. B@f6 Bxd2+ 13. Nxd2 N@c2+ 14. Kd1 Nxa1 15. Bd3 P@e7 16. B@g7+ Ke8 17. Bxe7 
Qxe7 18. Nf6+ Kd8 19. Nxg8 B@g4+ 20. P@f3 Bgf5 21. Nxe7 Bxd3 22. Q@f8+ R@e8 
23. Qxe8+ Kxe8 24. R@f8+ Kxe7 25. Bf6+ Kd7 26. R@e7+ Kc6 27. Rxc7+ Kxc7 28. P@d6+ 
Kb6 29. Nc4+ dxc4 30. Bd8+ Ka6 31. Kd2 R@c2+ 32. Ke3 Q@e2+ 33. Kf4 Q@g5# 
{Tecumseh forfeits on time} 0-1

[Event "fics rated crazyhouse match"]
[Site "fics, Oklahoma City, OK USA"]
[Date "2000.02.24"]
[White "LINDEGREN"]
[WhiteElo "2285"]
[Black "XXNoWay"]
[BlackElo "2253"]
[TimeControl "120+0"]
[Result "1-0"]

1. e4 e6 2. Nc3 Nf6 3. d4 d5 4. exd5 exd5 5. Nf3 Be7 6. Bb5+ 
Bd7 7. Bxd7+ Nbxd7 8. Ng5 B@b4 9. P@e6 Ne4 10. exf7+ Kf8 11. Ne6+ Kxf7 
12. Nxd8+ Rhxd8 13. P@e6+ Kxe6 14. B@g4+ Kf7 15. Qf3+ P@f6 16. Bxd7 Bxc3+ 17. bxc3 
N@g5 18. Bxg5 Nxg5 19. B@e6+ Nxe6 20. Bxe6+ Kxe6 21. N@g5+ fxg5 22. Q@e5+ Kd7 
23. Qff5+ Kc6 24. Qfe6+ Kb5 25. Q6xd5+ Rxd5 26. Qxd5+ B@c5 27. a4+ Kb6 28. R@b5+ 
Ka6 29. Qxb7# 
{XXNoWay checkmated} 1-0

[Event "fics rated crazyhouse match"]
[Site "fics, Oklahoma City, OK USA"]
[Date "2000.02.24"]
[White "XXNoWay"]
[WhiteElo "2246"]
[Black "LINDEGREN"]
[BlackElo "2292"]
[TimeControl "120+0"]
[Result "1-0"]

1. e4 Nf6 2. Nc3 e6 3. e5 Nd5 4. Nf3 d6 5. Bc4 Nf4 6. Rg1 
Nc6 7. d4 dxe5 8. dxe5 Qxd1+ 9. Nxd1 P@g4 10. Bxf4 gxf3 11. gxf3 N@d4 
12. Q@e4 Q@b4+ 13. N@d2 Nxf3+ 14. Qxf3 Nd4 15. Qd3 Qb6 16. P@a5 Qxa5 17. Qxd4 
Bc5 18. Qd3 P@d5 19. Bb5+ P@c6 20. N@b3 Qb6 21. Nxc5 Qxc5 22. B@a3 Qb6 
23. P@f6 gxf6 24. exf6 cxb5 25. N@g7+ Kd7 26. P@c5 Qc6 27. Nxe6 fxe6 28. Rg7+ 
Ke8 29. Bxc7 
{LINDEGREN forfeits on time} 1-0

[Event "fics rated crazyhouse match"]
[Site "fics, Oklahoma City, OK USA"]
[Date "2000.02.24"]
[White "LINDEGREN"]
[WhiteElo "2283"]
[Black "XXNoWay"]
[BlackElo "2255"]
[TimeControl "120+0"]
[Result "1-0"]

1. e4 e6 2. Nc3 Nf6 3. Nf3 d5 4. exd5 exd5 5. d4 P@e4 6. Bb5+ 
Bd7 7. Bxd7+ Nbxd7 8. Ng5 Bb4 9. P@e6 O-O 10. exf7+ Rxf7 11. B@e6 B@h5 
12. P@g4 Nxg4 13. Nxf7 Bxf7 14. Bxf7+ Kxf7 15. Qxg4 N@h6 16. Bxh6 
{XXNoWay resigns} 1-0

[Event "fics rated crazyhouse match"]
[Site "fics, Oklahoma City, OK USA"]
[Date "2000.02.24"]
[White "valdushka"]
[WhiteElo "2177"]
[Black "XXNoWay"]
[BlackElo "2255"]
[TimeControl "120+0"]
[Result "0-1"]

1. e4 e5 2. Nf3 Nc6 3. Bb5 d6 4. d4 exd4 5. Nxd4 Bd7 6. Bxc6 
bxc6 7. Nc3 B@e5 8. Be3 P@f4 9. Bc1 Bxd4 10. Qxd4 N@e6 11. Qd1 Be7 
12. N@h5 Bf6 13. P@f5 Nc5 14. Nxf4 Bxc3+ 15. bxc3 Nxe4 16. P@e6 Nxc3 17. exf7+ 
Kxf7 18. Qh5+ Kf8 19. Ng6+ hxg6 20. Qxh8 N@d4 21. O-O P@e2 22. Bh6 exf1=Q+ 
23. Rxf1 N@h3+ 24. gxh3 Nf3+ 25. Kh1 P@g2+ 26. Kxg2 Nh4+ 27. Kg1 Ne2# 
{valdushka resigns} 0-1

[Event "fics rated crazyhouse match"]
[Site "fics, Oklahoma City, OK USA"]
[Date "2000.02.24"]
[White "XXNoWay"]
[WhiteElo "2261"]
[Black "valdushka"]
[BlackElo "2171"]
[TimeControl "120+0"]
[Result "1-0"]

1. e4 Nf6 2. Nc3 d5 3. e5 Ne4 4. Nf3 e6 5. Bd3 Nxf2 6. Kxf2 
P@e4 7. Rf1 exd3 8. cxd3 Be7 9. Kg1 Nc6 10. d4 f6 11. d3 B@h5 
12. Be3 O-O 13. P@h6 gxh6 14. Bxh6 Nxd4 15. Nxd4 Bxd1 16. Raxd1 fxe5 17. P@g7 
Rxf1+ 18. Rxf1 
{valdushka resigns} 1-0

[Event "fics rated crazyhouse match"]
[Site "fics, Oklahoma City, OK USA"]
[Date "2000.02.24"]
[White "valdushka"]
[WhiteElo "2165"]
[Black "XXNoWay"]
[BlackElo "2267"]
[TimeControl "120+0"]
[Result "1-0"]

1. e4 e5 2. Nf3 Nc6 3. Bc4 d6 4. h3 Be7 5. d3 Nf6 6. Bxf7+ 
Kxf7 7. Nc3 Rf8 8. Nd5 Nd4 9. Nxd4 exd4 10. Nxf6 Bxf6 11. P@f5 N@h4 
12. O-O Kg8 13. Qg4 N@h6 14. Bxh6 B@e2 15. Qxe2 gxh6 16. N@h5 B@g5 17. N@f3 
Kh8 18. Nxh4 Bxh4 19. B@f4 Bfg5 20. Bxg5 Qxg5 21. B@g7+ Kg8 22. N@f6+ Kf7 
23. Bxf8 Kxf8 24. R@e8+ Kf7 25. N@h8# 
{XXNoWay checkmated} 1-0

[Event "fics rated crazyhouse match"]
[Site "fics, Oklahoma City, OK USA"]
[Date "2000.02.24"]
[White "XXNoWay"]
[WhiteElo "2257"]
[Black "valdushka"]
[BlackElo "2175"]
[TimeControl "120+0"]
[Result "1-0"]

1. e4 d5 2. Nc3 d4 3. Nce2 e5 4. Ng3 Nc6 5. Nf3 Nf6 6. Bc4 
Be7 7. d3 Be6 8. Bxe6 fxe6 9. Ng5 B@g4 10. f3 O-O 11. fxg4 Nxg4 
12. Qxg4 Bxg5 13. Bxg5 P@f2+ 14. Ke2 N@f4+ 15. Bxf4 Rxf4 16. N@h6+ Kh8 17. N@f7+ 
Rxf7 18. Nxf7+ Kg8 19. Nh6+ Kf8 20. R@g8+ Ke7 21. B@c5+ Kd7 22. Rxd8+ Rxd8 
23. Qxe6+ Kxe6 24. Q@f5# 
{valdushka checkmated} 1-0

[Event "fics rated crazyhouse match"]
[Site "fics, Oklahoma City, OK USA"]
[Date "2000.02.24"]
[White "valdushka"]
[WhiteElo "2169"]
[Black "XXNoWay"]
[BlackElo "2263"]
[TimeControl "120+0"]
[Result "0-1"]

1. e4 Nf6 2. Nc3 d6 3. d4 Bg4 4. Be2 Bxe2 5. Qxe2 Nc6 6. Nf3 
e5 7. d5 Nd4 8. Nxd4 exd4 9. Nb5 B@a5+ 10. B@d2 N@f4 11. Bxa5 Nxe2 
12. Nxc7+ Qxc7 13. Bxc7 Nxc1 14. B@b5+ B@d7 15. Bxd7+ Nxd7 16. Rxc1 B@d2+ 17. Kxd2 
N@c4+ 18. Ke2 Q@d2+ 19. Kf3 Nce5+ 20. Kg3 Qg5# 
{valdushka resigns} 0-1

[Event "fics rated crazyhouse match"]
[Site "fics, Oklahoma City, OK USA"]
[Date "2000.02.24"]
[White "XXNoWay"]
[WhiteElo "2269"]
[Black "valdushka"]
[BlackElo "2163"]
[TimeControl "120+0"]
[Result "0-1"]

1. e4 d5 2. e5 Bf5 3. d4 e6 4. Nf3 Ne7 5. Bb5+ Nbc6 6. O-O 
Bg6 7. Bg5 h6 8. Bh4 Qd7 9. Bxc6 Nxc6 10. N@f4 B@f5 11. Nxg6 Bxg6 
12. B@b5 Be7 13. Bxe7 Qxe7 14. B@h4 f6 15. Bxc6+ bxc6 16. exf6 gxf6 17. Bxf6 
Qxf6 18. P@e5 Qf7 19. N@f6+ Kf8 20. Nh4 Bf5 21. Nxf5 exf5 22. B@c5+ P@e7 
23. Qh5 B@g6 24. Bxe7+ Kxe7 25. P@d6+ cxd6 26. exd6+ Kxd6 27. P@e5+ Ke7 28. P@d6+ 
Kd8 29. Qxg6 Qxg6 30. B@e7+ Kc8 31. d7+ Kb7 32. g3 B@f3 
{XXNoWay resigns} 0-1

[Event "fics rated crazyhouse match"]
[Site "fics, Oklahoma City, OK USA"]
[Date "2000.02.24"]
[White "pminear"]
[WhiteElo "2478"]
[Black "XXNoWay"]
[BlackElo "2259"]
[TimeControl "60+0"]
[Result "0-1"]

1. e4 e6 2. Nc3 Nf6 3. d4 d5 4. exd5 exd5 5. Nf3 Be7 6. Bb5+ 
Nc6 7. Ne5 O-O 8. Bxc6 bxc6 9. Nxc6 Bg4 10. P@f3 Qd6 11. Nxe7+ Qxe7+ 
12. P@e5 Bxf3 13. gxf3 N@g2+ 14. Kf1 Nh4 15. B@h3 B@e6 16. B@g2 Bxh3 17. Bxh3 
B@e6 18. Bxe6 Qxe6 19. Rg1 B@h3+ 20. Ke2 P@e4 21. N@f4 exf3+ 22. Kd2 Ne4+ 
23. Nxe4 dxe4 24. Nxe6 Bxe6 25. B@f6 N@c4+ 26. Kc3 P@b4+ 27. Kxb4 a5+ 28. Ka4 
N@b6+ 29. Kb5 c6+ 30. Kxc6 Rac8+ 31. P@c7 Rxc7+ 32. Kxc7 Rc8+ 33. Kb7 Bd5+ 
34. Ka7 Ra8# 
{pminear checkmated} 0-1

[Event "fics rated crazyhouse match"]
[Site "fics, Oklahoma City, OK USA"]
[Date "2000.02.24"]
[White "XXNoWay"]
[WhiteElo "2271"]
[Black "pminear"]
[BlackElo "2466"]
[TimeControl "60+0"]
[Result "0-1"]

1. e4 e5 2. Nc3 Nc6 3. Bc4 Bc5 4. Nf3 Nf6 5. O-O d6 6. h3 
Bg4 7. hxg4 Nxg4 8. d3 P@g3 9. Bxf7+ Kf8 10. Bh5 Nxf2 11. B@e3 Nxd1 
12. Rxd1 Bxe3+ 13. Bxe3 B@f2+ 14. Kh1 Qh4+ 15. B@h3 Qxh5 16. Bxf2 Qxf3 17. N@e6+ 
Ke7 18. B@h4+ P@f6 19. Bhxg3 Qh5 20. Nd5+ Kf7 21. P@g4 Qg6 22. P@f5 Qh6 
23. Nexc7 N@g5 24. P@e6+ Kf8 25. Nxa8 Nxh3 26. R@c8+ B@e8 27. Rxe8+ Kxe8 28. B@f7+ 
Kf8 29. gxh3 Qxh3# 
{XXNoWay resigns} 0-1

[Event "fics rated crazyhouse match"]
[Site "fics, Oklahoma City, OK USA"]
[Date "2000.02.24"]
[White "pminear"]
[WhiteElo "2470"]
[Black "XXNoWay"]
[BlackElo "2267"]
[TimeControl "60+0"]
[Result "1-0"]

1. e4 e5 2. Nf3 Nc6 3. Bc4 Be7 4. Nc3 Nf6 5. d3 O-O 6. O-O 
d6 7. Be3 Bg4 8. h3 Bh5 9. g4 Bxg4 10. hxg4 Nxg4 11. B@h3 Nxe3 
12. fxe3 P@g3 13. N@f5 B@f2+ 14. Rxf2 gxf2+ 15. Kxf2 R@f6 16. Qg1 P@g6 17. Nxe7+ 
Qxe7 18. Nd5 Rxf3+ 19. Kxf3 N@h4+ 20. Ke2 N@d4+ 21. Kd1 Qe6 22. Bxe6 fxe6 
23. P@h6 B@f3+ 24. Kd2 gxh6 25. B@f6 Rxf6 26. Nxf6+ Kf7 27. Bxe6+ Nxe6 28. R@d7+ 
B@e7 29. Nd5 Bxe4 30. Q@f6+ Ke8 31. Rxe7+ Kd8 32. R@e8# 
{XXNoWay checkmated} 1-0

[Event "fics rated crazyhouse match"]
[Site "fics, Oklahoma City, OK USA"]
[Date "2000.02.24"]
[White "XXNoWay"]
[WhiteElo "2263"]
[Black "pminear"]
[BlackElo "2474"]
[TimeControl "60+0"]
[Result "0-1"]

1. e4 e5 2. Nc3 Nc6 3. Bc4 Bc5 4. Nf3 Nf6 5. O-O d6 6. h3 
Be6 7. d3 Bxc4 8. dxc4 B@h5 9. B@h4 Bxf3 10. Qxf3 Nd4 11. Qxf6 gxf6 
12. B@g4 Rg8 13. N@h5 Rxg4 14. hxg4 N@f3+ 15. gxf3 Nxf3# 
{XXNoWay resigns} 0-1

[Event "fics rated crazyhouse match"]
[Site "fics, Oklahoma City, OK USA"]
[Date "2000.02.24"]
[White "pminear"]
[WhiteElo "2478"]
[Black "XXNoWay"]
[BlackElo "2259"]
[TimeControl "60+0"]
[Result "0-1"]

1. e4 e6 2. Nc3 Nf6 3. e5 Nd5 4. Nxd5 exd5 5. Nf3 Nc6 6. d4 
d6 7. Bb5 Bg4 8. N@e3 Bxf3 9. Qxf3 Be7 10. Nxd5 N@h4 11. Qe4 N@g5 
12. Bxg5 Bxg5 13. exd6+ B@e6 14. P@e7 Bxe7 15. dxe7 Qxd5 16. Qxd5 Bxd5 17. P@d7+ 
Kxe7 18. B@g5+ P@f6 19. Bxh4 P@d2+ 20. Kd1 Bxg2 21. N@f5+ Kxd7 22. N@c5+ Kc8 
23. B@d7+ Kb8 24. Bdxc6 P@e2+ 25. Kxd2 Q@f4+ 26. P@e3 Qxf5 27. Na6+ Kc8 28. N@e7+ 
Kd8 29. Nxf5 P@c3+ 30. Kxc3 N@e4+ 31. Kb3 N@a5+ 32. Ka4 Nc5+ 33. dxc5 bxc6 
34. Q@d7+ Kxd7 35. Bxc6+ Ke6 36. N@e5 Kxf5 37. Kxa5 Kxe5 
{pminear forfeits on time} 0-1

[Event "fics rated crazyhouse match"]
[Site "fics, Oklahoma City, OK USA"]
[Date "2000.02.24"]
[White "XXNoWay"]
[WhiteElo "2271"]
[Black "pminear"]
[BlackElo "2466"]
[TimeControl "60+0"]
[Result "1-0"]

1. e4 e5 2. Nc3 Nc6 3. Bc4 Bc5 4. Nf3 Nf6 5. d3 d6 6. h3 
Be6 7. Bxe6 fxe6 8. Ng5 B@g8 9. B@h5+ Ke7 10. Bg4 Nxg4 11. hxg4 B@g6 
12. N@h4 B6f7 13. Nxf7 Bxf7 14. Bg5+ N@f6 15. Nf3 Nd4 16. B@h4 Kd7 17. Nxd4 
Bxd4 18. Bxf6 gxf6 19. N@h6 Bg6 20. Nb5 B@f4 21. Nxd4 exd4 22. B@f7 Bxf7 
23. Nxf7 Qe7 24. Nxh8 Rxh8 25. N@h5 B@g5 26. R@g7 N@f7 27. Bxg5 Bxg5 28. B@a4+ 
c6 29. B@f5 exf5 30. gxf5 B@d2+ 31. Kf1 N@e5 32. P@e6+ Kc7 33. exf7 B@g4 
34. f8=Q Rxf8 35. Rxe7+ P@d7 36. N@e6+ Kb8 37. Q@c7+ Ka8 38. Bxc6 bxc6 39. Nxf8 
B@b7 40. Re8+ N@c8 41. R@b8# 
{pminear checkmated} 1-0

[Event "fics rated crazyhouse match"]
[Site "fics, Oklahoma City, OK USA"]
[Date "2000.02.24"]
[White "pminear"]
[WhiteElo "2454"]
[Black "XXNoWay"]
[BlackElo "2283"]
[TimeControl "60+0"]
[Result "0-1"]

1. e4 e6 2. Nc3 Nf6 3. d4 d5 4. exd5 exd5 5. Nf3 Be7 6. Bb5+ 
Nc6 7. Ne5 Bd7 8. Nxd7 Nxd7 9. Bxc6 bxc6 10. B@h3 P@e6 11. O-O B@e4 
12. f3 Bg6 13. P@f4 N@f5 14. N@e5 Nxe5 15. fxe5 N@e3 16. Bxe3 Nxe3 17. Qe2 
Nxf1 18. Rxf1 B@c4 19. N@d3 Bcxd3 20. cxd3 N@f4 21. Qe1 Bxd3 22. B@e2 Bxe2 
23. Nxe2 Nxe2+ 24. Qxe2 N@f4 25. Qd2 Nxh3+ 26. gxh3 Bg5 27. f4 B@a5 28. Qxa5 
B@e3+ 29. Kh1 Bgxf4 30. B@g2 R@e2 31. N@h5 Rg8 32. N@f6+ gxf6 33. Nxf6+ Qxf6 
34. exf6 N@f5 35. Qb4 N@g3+ 36. hxg3 Nxg3+ 37. Kh2 Nxf1+ 38. Kh1 R@h2# 
{pminear checkmated} 0-1

[Event "fics rated crazyhouse match"]
[Site "fics, Oklahoma City, OK USA"]
[Date "2000.02.24"]
[White "pminear"]
[WhiteElo "2431"]
[Black "XXNoWay"]
[BlackElo "2306"]
[TimeControl "60+0"]
[Result "0-1"]

1. e4 e6 2. Nc3 Nf6 3. e5 Nd5 4. Nxd5 exd5 5. Nf3 Nc6 6. d4 
d6 7. Bb5 Bg4 8. N@e3 Bh5 9. Nxd5 dxe5 10. dxe5 Bxf3 11. Qxf3 N@h4 
12. Qe4 P@f5 13. Nf6+ gxf6 14. Bxc6+ bxc6 15. Qxh4 N@f3+ 16. gxf3 N@g2+ 17. Ke2 
Nxh4 18. Be3 B@b5+ 19. P@d3 Bxd3+ 20. cxd3 Nxf3 21. Kxf3 Q@g4# 
{pminear checkmated} 0-1

[Event "fics rated crazyhouse match"]
[Site "fics, Oklahoma City, OK USA"]
[Date "2000.02.24"]
[White "XXNoWay"]
[WhiteElo "2317"]
[Black "pminear"]
[BlackElo "2420"]
[TimeControl "60+0"]
[Result "0-1"]

1. e4 e5 2. Nc3 Nc6 3. Bc4 Bc5 4. Nf3 Nf6 5. d3 d6 6. h3 
Be6 7. Bxe6 fxe6 8. Ng5 B@d7 9. B@h5+ Ke7 10. Bg4 Nd4 11. Be3 Nxg4 
12. Bxd4 Nxf2 13. Bxf2 Bxf2+ 14. Kxf2 B@h4+ 15. g3 Bxg5 16. N@d5+ exd5 17. Nxd5+ 
Kf8 18. Qf3+ P@f7 19. B@h5 B@g6 20. Bxg6 hxg6 21. P@e7+ Bxe7 22. Nxe7 Qxe7 
23. N@d5 B@c5+ 24. B@e3 Bxe3+ 25. Qxe3 B@d4 26. Qxd4 exd4 27. B@f4 Bxh3 28. B@f3 
N@g4# 
{XXNoWay resigns} 0-1

[Event "fics rated crazyhouse match"]
[Site "fics, Oklahoma City, OK USA"]
[Date "2000.02.24"]
[White "pminear"]
[WhiteElo "2426"]
[Black "XXNoWay"]
[BlackElo "2311"]
[TimeControl "60+0"]
[Result "1-0"]

1. e4 d6 2. Nc3 Nf6 3. d4 Nc6 4. Nf3 Bg4 5. d5 Bxf3 6. gxf3 
Ne5 7. B@g2 e6 8. f4 exd5 9. fxe5 dxe5 10. exd5 Bb4 11. Bg5 P@d4 
12. Bb5+ P@d7 13. P@e6 O-O 14. exf7+ Rxf7 15. P@e6 Rf8 16. N@f7 Qe7 17. Bxd7 
dxc3 18. O-O cxb2 19. Bxf6 Qxf6 20. N@g4 Qg6 21. Nfxe5 Qf5 22. P@f7+ Kh8 
23. Rb1 N@c3 24. Qd3 N@e2+ 25. Kh1 P@f3 26. Qxf5 fxg2+ 27. Kxg2 B@e4+ 28. Qxe4 
Nxe4 29. B@f3 Nf4+ 30. Kg1 P@g2 31. Bxg2 B@h3 32. Bxe4 Bxf1 33. Rxf1 R@e1 
34. N@g6# 
{XXNoWay forfeits on time} 1-0

[Event "fics rated crazyhouse match"]
[Site "fics, Oklahoma City, OK USA"]
[Date "2000.02.24"]
[White "XXNoWay"]
[WhiteElo "2306"]
[Black "pminear"]
[BlackElo "2431"]
[TimeControl "60+0"]
[Result "0-1"]

1. e4 e5 2. Nc3 Nc6 3. Bc4 Bc5 4. Nf3 Nf6 5. O-O d6 6. h3 
Be6 7. d3 Nd4 8. Bxe6 Nxe6 9. B@d5 B@h5 10. Bxe6 fxe6 11. N@g5 B@f7 
12. Bd2 O-O 13. Nxf7 Bxf7 14. Bg5 N@f4 15. Bxf4 exf4 16. B@g5 e5 17. N@d5 
Bxd5 18. Nxd5 Nxd5 19. Bxd8 Bxf2+ 20. Rxf2 B@g3 21. Re2 P@f2+ 22. Kh1 Raxd8 
23. exd5 N@e3 24. B@e6+ B@f7 25. Bxf7+ Rxf7 26. B@e6 Nxd1 27. Bxf7+ Kh8 28. N@g6+ 
hxg6 29. Bxg6 f1=Q+ 30. R@g1 N@f2# 
{XXNoWay resigns} 0-1

[Event "fics rated crazyhouse match"]
[Site "fics, Oklahoma City, OK USA"]
[Date "2000.02.24"]
[White "pminear"]
[WhiteElo "2436"]
[Black "XXNoWay"]
[BlackElo "2301"]
[TimeControl "60+0"]
[Result "1-0"]

1. e4 e6 2. Nc3 Nf6 3. d4 d5 4. exd5 exd5 5. Nf3 Be7 6. Bb5+ 
Nc6 7. Ne5 Bd7 8. Bxc6 bxc6 9. Nxf7 Kxf7 10. N@e5+ Kf8 11. P@h6 Rg8 
12. P@f7 Be6 13. fxg8=Q+ Bxg8 14. hxg7+ Kxg7 15. P@h6+ Kf8 16. Nxc6 Qd6 17. Ne5 
B@a6 18. P@b5 P@b4 19. Bf4 bxc3 20. bxa6 P@d2+ 21. Kf1 P@h3 22. gxh3 N@h4 
23. Rg1 Qxa6+ 24. B@d3 P@g2+ 25. Rxg2 Nxg2 26. P@g7+ Ke8 27. Bxa6 R@h1+ 28. Kxg2 
Rxd1 29. Bb5+ N@d7 30. R@f8+ Bxf8 31. gxf8=Q+ Kxf8 32. Q@g7+ Ke8 33. Bxd7+ Nxd7 
34. Qxg8+ R@f8 35. P@f7+ Kd8 36. B@f6+ Kc8 37. Qxf8+ Nxf8 38. B@a6+ P@b7 39. R@d8# 
{XXNoWay checkmated} 1-0